FIQ, lawful male human Samurai -------- --- ......| .| |......| ----- -.| |......| |mro| |.|# |......| | |(@(| |.|###########.<.....| |.. |@.u| |.|# ------ - -+--.... ----|----+--.|# | -+----+--.....................|# |.............{......{..........|# | -+----+--.. -+----............## --- |.------+--.|# |. |.|# |. |.| |. |.| - -.| .| --- FIQ the Ronin Experience level: 5 Strength: 11 Dexterity: 14 Constitution: 18 Intelligence: 10 Wisdom: 8 Charisma: 7 Health: 0(51) Energy: 11(11) Def: 8 Gold: 606 Moves: 1460 Dungeon seed: YqFZIN7FcUIJxbSv Game ID: FIQ_1597266457 Your Inventory: Coins $ - 606 gold pieces Weapons a - an uncursed +0 katana (weapon in hand) c - an uncursed +0 yumi d - 44 uncursed +0 ya (in quiver) s - an uncursed +0 orcish dagger x - an uncursed +0 wakizashi (alternate weapon; not wielded) D - 5 uncursed +0 daggers Armor e - a blessed rustproof +0 splint mail (being worn) q - an uncursed +0 dwarvish iron helm (being worn) Comestibles g - 4 uncursed gunyoki p - an uncursed pancake r - an uncursed slime mold v - an uncursed tripe ration Tools b - an uncursed bag of holding f - an uncursed oil lamp (0:1459) k - an uncursed osaku l - a cursed oil lamp (0:1158) A - 2 uncursed wax candles (0:400) F - an uncursed bag of tricks (0:12) L - an uncursed leash Gems n - an uncursed worthless piece of yellowish brown glass y - an uncursed worthless piece of black glass z - an uncursed worthless piece of orange glass N - an uncursed garnet stone Contents of the bag of holding: an uncursed +0 dwarvish cloak an uncursed +1 dwarvish iron helm an uncursed +0 dwarvish roundshield an uncursed +1 orcish helm an uncursed +0 pair of iron shoes an uncursed scroll of confuse monster a cursed scroll of light an uncursed spellbook of knock an uncursed spellbook of levitation an uncursed potion of sleeping an uncursed +2 ring of increase damage an uncursed +1 ring of protection an uncursed ring of regeneration Spells and supernatural/magical abilities: Name Level Category Cost Memory W - pray for help -- divine ? -- Your skills at the end: Fighting Skills martial arts [Basic] wands [Basic] Weapon Skills short sword [Basic] long sword [Basic] bow [Basic] Spellcasting Skills Final Attributes: You were piously aligned. You were held by a giant mimic. You were fast. Amaterasu Omikami was noncommittal. You are dead. Vanquished creatures: a giant mimic 2 gnome kings 2 dingos a rock mole 5 gnome lords a little dog 2 dwarves 2 manes 2 hobgoblins 15 gnomes 2 gnome zombies 2 geckos 3 jackals a goblin a bat 3 lichens 2 newts 47 creatures vanquished. Voluntary challenges: You used a wielded weapon 65 times, starting on turn 129. You were illiterate. You never genocided any monsters. You never polymorphed an object. You never changed form. You used no wishes. You never split a pudding. You never wrote Elbereth's name. You never violated your personal moral code. Dungeon overview: The Dungeons of Doom: levels 1 to 4 Level 1 an altar to Susanowo, some sinks a long staircase Level 2 a fountain, a vault Level 3 a vault Level 4 stairs to The Gnomish Mines The Gnomish Mines: levels 5 to 8 Level 5 stairs to The Dungeons of Doom Level 6 Level 7 Level 8 <- You were here a lighting shop, some fountains History has recorded: On T:1 you entered the Dungeons of Doom to retrieve the Amulet of Yendor! On T:174 you reached level 2 of The Dungeons of Doom. On T:425 you reached level 3 of The Dungeons of Doom. On T:557 you advanced to experience level 2. On T:611 you reached level 4 of The Dungeons of Doom. On T:678 you advanced to experience level 3. On T:761 you reached level 1 of The Gnomish Mines. On T:868 you advanced to experience level 4. On T:1056 you reached level 2 of The Gnomish Mines. On T:1082 you advanced to experience level 5. On T:1314 you reached level 3 of The Gnomish Mines. On T:1413 you reached level 4 of The Gnomish Mines. Score breakdown: Gold: 606 ( 9467 points) Experience: 5 levels (11141 points) Exploration: 8 levels ( 17.39%) (11832 points) Discoveries: 6 items ( 2.40%) ( 4647 points) Valuables value: (no points given unless you survive) Artifact value: 0 ( 0 points) Variety of kills: 17 monsters ( 4.47%) ( 6345 points) Turncount: 1460 turns ( 0 points) Survival: died (score multiplied by 80%) Total score: 34745 Latest messages: You see here a tallow candle (15 zorkmids). Wait! That's a giant mimic! (2x) The giant mimic hits! (2x) You miss the giant mimic. You hit the giant mimic. You miss the giant mimic. Izchak casts a spell! Izchak is granted an insight! You hit the giant mimic. The giant rat picks up 3 candles. The giant mimic hits! (2x) You miss the giant mimic. The giant rat drops 3 candles. You hear someone cursing shoplifters. This level must be housing a shop. You hit the giant mimic! You hit the giant mimic. The giant mimic hits! (2x) You die... Izchak gratefully inherits all your possessions. Final status: Sayonara FIQ the Samurai, killed by a giant mimic... You died in The Gnomish Mines on dungeon level 8 with 34745 points, and 606 pieces of gold, after 1460 moves. You were level 5 with a maximum of 51 hit points when you died.